 Dungeon Crawl Stone Soup version 0.30.1-9-gdf580d7c3d (webtiles) character file.

Game seed: 7916042789658107097

136 safid the Chiller (level 5, 0/39 HPs)
             Began as a Merfolk Ice Elementalist on Sept 27, 2023.
             Slain by a phantom (6 damage)
             ... on level 4 of the Dungeon.
             The game lasted 00:03:45 (3351 turns).

safid the Chiller (Merfolk Ice Elementalist)        Turns: 3351, Time: 00:03:45

Health: 0/39       AC:  3    Str:  8    XL:     5   Next: 19%
Magic:  9/9        EV: 12    Int: 17    God:
Gold:   139        SH:  9    Dex: 14    Spells: 6/10 levels left

rFire   . . .        m - +0 dagger (venom)
rCold   + . .        f - +0 buckler
rNeg    . . .        a - +0 robe
rPois   .            (no helmet)
rElec   .            (no cloak)
rCorr   .            (no gloves)
SInv    .            l - +0 pair of boots
Will    .....        d - amulet of reflection
Stlth   ++           o - +4 ring of slaying
HPRegen 0.26/turn    p - ring of protection from cold
MPRegen 0.11/turn

%: reflection
@: mighty
A: (nimble swimmer 2), mertail, MP-powered wands, sturdy frame 1
a: no special abilities


You were on level 4 of the Dungeon.
You visited 1 branch of the dungeon, and saw 4 of its levels.

You collected 139 gold pieces.

Inventory:

Hand Weapons
 m - a +0 dagger of venom (weapon)
Armour
 a - a +0 robe (worn)
 f - a +0 buckler (worn)
 l - a +0 pair of boots (worn)
Jewellery
 d - an amulet of reflection (around neck)
 o - a +4 ring of slaying (left hand)
 p - a ring of protection from cold (right hand)
Scrolls
 c - a scroll of enchant armour {unknown}
 e - 2 scrolls of identify {unknown}
 i - 2 scrolls of torment {unknown}
 j - a scroll of blinking {unknown}
 k - 2 scrolls of noise {unknown}
Potions
 b - 2 potions of magic


   Skills:
 + Level 2.5 Fighting
 + Level 3.1 Dodging
 - Level 2.1 Stealth
 + Level 0.9 Shields
 + Level 3.0 Spellcasting
 + Level 5.2 Ice Magic


You had 6 spell levels left.
You knew the following spells:

 Your Spells              Type           Power      Damage    Failure   Level
a - Freeze                Ice            80%        1d9       3%          1
b - Frozen Ramparts       Ice            40%        1d7       10%         3

Your spell library contained the following spells:

 Spells                   Type           Power      Damage    Failure   Level
 Ozocubu's Armour         Ice            20%        N/A       10%         3
 Necrotise                Necr           8%         1d4       28%         1
 Vampiric Draining        Necr           2%         2d6       63%         3
 Summon Ice Beast         Ice/Summ       11%        N/A       67%         4
 Agony                    Necr           2%         N/A       100%        5


Dungeon Overview and Level Annotations

Branches:
Dungeon (4/15)
 Temple: D:4-7

Altars:

Annotations:
D:2 1 runed translucent door, Crazy Yiuf


Innate Abilities, Weirdness & Mutations

((You are very nimble when in or above water. (Stealth+, EV+, Speed+++)))
Your lower body shifts to a powerful aquatic tail in water.
You expend magic power (3 MP) to strengthen your wands.
Your movements are slightly less encumbered by armour. (ER -2)


Message History

Unknown command.
You closely miss the phantom.
The phantom is severely damaged.
You block the adder's attack. The phantom hits you.
Unknown command.
You barely miss the phantom.
The phantom is severely damaged.
The adder bites you.
You are poisoned.
The adder poisons you! You block the phantom's attack.
The adder closely misses you.
You closely miss the phantom.
The phantom is severely damaged.
You feel sick. The phantom closely misses you. The adder bites you.
You barely miss the phantom.
The phantom is severely damaged.
You feel sick. You block the adder's attack. The phantom hits you.
* * * LOW HITPOINT WARNING * * *
It was a potion of mutation.
You feel extremely strange.
You feel your magical essence link to the dungeon's wands.
You feel less encumbered by your armour.
You feel sick. The adder misses you. The phantom hits you.
* * * LOW HITPOINT WARNING * * *
The phantom blinks!
You blink.
A worm comes into view.
It was a potion of might.
You feel very mighty all of a sudden.
You feel sick.
The phantom hits you but does no damage.
Unknown command.
You puncture the phantom!
The phantom is almost destroyed.
You feel sick. The phantom misses you.
Unknown command.
You barely miss the phantom.
The phantom is almost destroyed.
You feel sick.
You are no longer poisoned.
The phantom hits you.
You die...

#. ### #....# ###
#.##.# #.. #.##.#
#.## #.##.#
#..#######
#.##)###.#.......#
#.$......w.....#.#
#..#.#.)..K....#.
#)<#.#>..@W......#
#..#.#....#S.#.#.#
#..#.#....#......
#.........##ยง#.#.#
...#...#..##.....#
##..#####..(..S......
#... ...............
##.# ###.#####.#....
# .# .<.


You could see a phantom, a worm, an adder and a kobold.

Vanquished Creatures
  4 gnolls (D:2)
  3 adders
  2 worms (D:2)
  4 dart slugs
  5 orcs
  8 endoplasms
  3 giant cockroaches
  4 goblins
  3 hobgoblins
  3 jackals (D:2)
  3 quokkas
  2 ball pythons
  A bat (D:2)
  2 frilled lizards
  2 kobolds
  5 rats
54 creatures vanquished.

Notes
Turn   | Place    | Note
-------+----------+-------------------------------------------
     0 | D:1      | safid the Merfolk Ice Elementalist began the quest for the
                  | Orb.
     0 | D:1      | Reached XP level 1. HP: 13/13 MP: 3/3
   277 | D:1      | Reached skill level 1 in Fighting
   277 | D:1      | Reached XP level 2. HP: 21/21 MP: 0/5
  1072 | D:2      | Reached XP level 3. HP: 26/26 MP: 4/6
  1076 | D:2      | Learned a level 3 spell: Frozen Ramparts
  1154 | D:2      | Reached skill level 5 in Ice Magic
  1154 | D:2      | Reached XP level 4. HP: 11/33 MP: 0/8
  2030 | D:2      | Found a runed translucent door.
  2031 | D:2      | Noticed Crazy Yiuf
  2544 | D:3      | Reached XP level 5. HP: 36/39 MP: 5/9
  3327 | D:4      | Noticed a phantom
  3348 | D:4      | Gained mutation: You expend magic power (3 MP) to
                  | strengthen your wands. [potion of mutation]
  3348 | D:4      | Gained mutation: Your movements are slightly less
                  | encumbered by armour. (ER -2) [potion of mutation]
  3351 | D:4      | Slain by a phantom

Illustrated notes

Levels and vault maps discovered:
D:1:      onia_arrival_mini_spirals, layout_loops_ring
D:2:      layout_basic, uniq_crazy_yiuf_cottage
D:3:      layout_loops_ring, minmay_misc_feat_alley
D:4:      layout_loops_ring, mainiacjoe_overflow_cross_hatched, serial_shops,
          kennysheep_mini, gup_sewer_entry_pipe, nicolae_stop_n_shop_1,
          grunt_ministairs_7, uniq_duvessa

Skill      XL: |  1  2  3  4 |
---------------+-------------+-----
Fighting       | 1 2 |  2.5
Ice Magic      | 5 |  5.2
Dodging        | 3 |  3.1
Spellcasting   | 3 |  3.0
Stealth        | |  2.1
Shields        | |  0.9

Action                     |  1- 3 |  4- 6 || total
---------------------------+-------+-------++-------
  Melee: Dagger            |    48 |   149 ||   197
         Unarmed           |     3 |       ||     3
   Cast: Freeze            |    13 |    12 ||    25
         Frozen Ramparts   |     2 |     2 ||     4
    Use: Potion            |       |     2 ||     2
   Stab: Sleeping          |     1 |     6 ||     7
         Distracted        |     1 |       ||     1
 Armour: Robe              |     3 |    13 ||    16
  Dodge: Dodged            |    28 |    54 ||    82
  Block: Buckler           |    17 |    62 ||    79
         Reflection        |     1 |     1 ||     2
